 Dungeon Crawl Stone Soup version 0.24.0-125-gc4c63601f3 (webtiles) character file.

Game seed: 4957283924136608554, levelgen mode: deterministic

318 Mrkan the Chopper (level 6, -12/57 HPs)
             Began as a Minotaur Fighter on Feb 23, 2020.
             Was a Believer of Ru.
             Mangled by an ogre
             ... wielding a +0 giant club
              (26 damage)
             ... on level 5 of the Dungeon.
             The game lasted 00:05:18 (3666 turns).

Mrkan the Chopper (Minotaur Fighter)                Turns: 3666, Time: 00:05:19

Health: -12/57     AC: 10    Str: 21    XL:     6   Next: 21%
Magic:  5/5        EV:  6    Int:  5    God:    Ru [**....]
Gold:   300        SH: 10    Dex: 11    Spells: 5/5 levels left

rFire    . . .     SeeInvis .   a - +0 war axe
rCold    . . .     Gourm    .   c - +0 shield
rNeg     . . .     Faith    .   o - +0 chain mail (curse)
rPois    .         Spirit   .   (helmet restricted)
rElec    .         Reflect  .   (no cloak)
rCorr    .         Harm     .   (no gloves)
MR       .....                  (no boots)
Stlth    ..........             (no amulet)
HPRegen  0.19/turn              (no ring)
MPRegen  0.09/turn              (no ring)

@: no status effects
A: retaliatory headbutt, horns 2, inexperienced 1
a: Renounce Religion


You were on level 5 of the Dungeon.
You worshipped Ru.
Ru was pleased with you.
You were not hungry.

You visited 1 branch of the dungeon, and saw 5 of its levels.

You collected 300 gold pieces.

Inventory:

Hand Weapons
 a - a +0 war axe (weapon)
Armour
 c - a +0 shield (worn)
 o - a cursed +0 chain mail (worn)
Jewellery
 b - an uncursed amulet of guardian spirit {unknown}
 g - a cursed ring of teleportation {unknown}
 r - a +4 ring of dexterity {unknown}
 v - a cursed ring of attention {unknown}
Scrolls
 e - 3 scrolls of magic mapping {unknown}
 h - a scroll of immolation {unknown}
 i - 4 scrolls of teleportation {unknown}
 j - 6 scrolls of identify {unknown}
 p - 2 scrolls of enchant weapon {unknown}
 s - 2 scrolls of remove curse {unknown}
 u - a scroll of fog {unknown}
Potions
 d - 3 potions of might
 k - a potion of resistance {unknown}
 l - a potion of mutation {unknown}
 m - 5 potions of flight {unknown}
 n - a potion of degeneration {unknown}
 q - 2 potions of haste {unknown}
 t - a potion of brilliance {unknown}
 w - a potion of heal wounds {unknown}
Comestibles
 f - 8 rations
 x - 2 chunks of flesh


   Skills:
 + Level 6.0 Fighting
 * Level 7.3 Axes
 + Level 6.0 Armour
 + Level 6.0 Shields


You had 5 spell levels left.
You didn't know any spells.
Your spell library was empty.

Dungeon Overview and Level Annotations

Branches:
Dungeon (5/15)
 Temple: D:4-7

Altars:
Dithmenos
Gozag
Kikubaaqudgha
Ru
Sif Muna


Innate Abilities, Weirdness & Mutations

You reflexively headbutt those who attack you in melee.
You have a pair of horns on your head.
You are somewhat inexperienced. (-2 XL)


Message History

Your Shields skill increases to level 6!
Welcome back to level 6!
Things that are here:
a +0 giant club; an ogre corpse You butcher the ogre corpse.
x - 2 chunks of flesh
Things that are here:
a +0 giant club; an ogre skeleton You start resting.
An ogre comes into view. It is wielding a +0 giant club.
An ogre is nearby!
An ogre is nearby!
The ogre hits you with a +0 giant club!
* * * LOW HITPOINT WARNING * * *
Things that are here:
a +0 giant club; an ogre skeleton
Found a stone staircase leading up.
There is a stone staircase leading up here.
The ogre hits you with a +0 giant club!!
You die...

# ### # # #...
# #.#. ## ...
..####.
####.###
....... ......
#.####> #..##
#...... ###
#@O.# #######
... ###.# ####
.. #..)# #...
#.#..##########
#.##
#.............#
#.##
##.##########.#
#... #. #.#
#### #. #.# ..
#.#


You could see an ogre.

Vanquished Creatures
  Edmund (D:5)
  2 phantoms
  2 ogres
  A water moccasin skeleton (D:4)
  An orc priest (D:5)
  3 hounds
  An orc wizard (D:3)
  2 worker ants
  A hound zombie (D:4)
  Robin (D:2)
  3 gnolls (D:3)
  5 adders
  An ooze (D:4)
  An adder skeleton (D:4)
  4 worms
  A dart slug (D:1)
  3 leopard geckos
  12 orcs
  7 bats
  3 giant cockroaches
  12 goblins
  16 hobgoblins
  9 jackals
  3 quokkas
  5 frilled lizards
  12 kobolds
  A leopard gecko skeleton (D:4)
  A leopard gecko zombie (D:5)
  8 rats
122 creatures vanquished.

Notes
Turn   | Place    | Note
-------+----------+-------------------------------------------
     0 | D:1      | Mrkan the Minotaur Fighter began the quest for the Orb.
     0 | D:1      | Reached XP level 1. HP: 19/19 MP: 0/0
   163 | D:1      | Reached XP level 2. HP: 27/27 MP: 1/1
   199 | D:1      | Reached skill level 3 in Axes
   432 | D:1      | Reached XP level 3. HP: 33/33 MP: 2/2
   804 | D:2      | Noticed a phantom
   814 | D:2      | Reached XP level 4. HP: 15/40 MP: 3/3
   822 | D:2      | Killed a phantom
   822 | D:2      | Reached skill level 4 in Axes
   822 | D:2      | Reached XP level 5. HP: 14/47 MP: 4/4
  1103 | D:2      | Identified the +1 helmet of the Doge {Str+3}
  1103 | D:2      | Noticed Robin
  1112 | D:2      | Killed Robin
  1301 | D:2      | Found a faded altar of an unknown god.
  1552 | D:3      | Reached skill level 5 in Axes
  1779 | D:3      | Found an ancient bone altar of Kikubaaqudgha.
  1830 | D:3      | Reached XP level 6. HP: 48/55 MP: 5/5
  1912 | D:3      | Found a sacrificial altar of Ru.
  1973 | D:3      | Found a shimmering blue altar of Sif Muna.
  2108 | D:3      | Became a worshipper of Ru the Awakened
  2543 | D:4      | Reached skill level 5 in Fighting
  2543 | D:4      | Reached skill level 5 in Armour
  2543 | D:4      | Reached skill level 5 in Shields
  2637 | D:4      | Reached skill level 6 in Axes
  2639 | D:4      | Found an opulent altar of Gozag.
  2914 | D:4      | Reached XP level 7. HP: 61/61 MP: 6/6
  3202 | D:5      | Entered Level 5 of the Dungeon
  3202 | D:5      | Found a shadowy altar of Dithmenos.
  3218 | D:5      | Noticed Edmund
  3259 | D:5      | Killed Edmund
  3259 | D:5      | Reached skill level 7 in Axes
  3585 | D:5      | Gained mutation: You are somewhat inexperienced. (-2 XL)
                  | [Ru sacrifice]
  3585 | D:5      | Reached XP level 6. HP: 57/57 MP: 5/5
  3585 | D:5      | Reached XP level 5. HP: 50/50 MP: 4/4
  3585 | D:5      | Reached * piety under Ru
  3585 | D:5      | Reached ** piety under Ru
  3632 | D:5      | Noticed an ogre
  3638 | D:5      | Killed an ogre
  3638 | D:5      | Reached XP level 6. HP: 22/57 MP: 5/5
  3666 | D:5      | Mangled by an ogre

Levels and vault maps discovered:
D:1:      co_arrival_random_square_maze, layout_basic
D:2:      minmay_angry_zag, layout_rooms,
          chequers_ecumenical_altar_simple_redux, first_ration,
          minmay_pentomino_s4, uniq_robin
D:3:      layout_loops_ring, kiku_gazebo_garden_becter,
          nicolae_ru_the_path_less_chosen, led_sif_book
D:4:      layout_basic, grunt_gozag_statues
D:5:      layout_loops_ring, grunt_temple_overflow_lords_of_destruction,
          minitemple, basic_altar, grunt_dithmenos_smoke, uniq_edmund

Skill      XL: |  1  2  3  4  5  6  7 |
---------------+----------------------+-----
Axes           | 3 4 5 6 7 |  7.3
Armour         | 4 6 5 |  6.0
Fighting       | 4 6 5 |  6.0
Shields        | 4 6 5 |  6.0

Action                   |  1- 3 |  4- 6 |  7- 9 || total
-------------------------+-------+-------+-------++-------
Melee: War axe           |    82 |   199 |    55 ||   336
       Headbutt          |    13 |    37 |    18 ||    68
Invok: Sacrifice Experie |       |     1 |       ||     1
  Eat: Chunk             |       |     7 |     2 ||     9
Armor: Scale mail        |    39 |       |       ||    39
       Chain mail        |     3 |   104 |    20 ||   127
Dodge: Dodged            |    28 |    35 |     9 ||    72
Block: Shield            |    57 |   105 |    30 ||   192
